[ AOE2 MATCH · #505439136 ]
UnrankedMongols vs Bohemians
Player's team · LOSS
Rival team · WIN
[ REPLAY ANALYSIS · EXTRACTED FROM THE RECORDED GAME ]
Feudal
8:50
Castle
—
Imperial
—
| APM avg | 41.9 |
| APM peak | 103 |
| eAPM avg | 17.0 |
| Villagers / military | 39 / 10 |
Focus
⚔️ 18.6% · 🌾 81.4%
Militia ×10
Feudal
10:30
Castle
14:29
Imperial
—
| APM avg | 71.8 |
| APM peak | 114 |
| eAPM avg | 33.7 |
| Villagers / military | 43 / 4 |
Focus
⚔️ 29.0% · 🌾 71.0%
Mangonel ×2 · Monk ×1 · Scorpion ×1
Match map
Initial resources + every placement click. Lines = walls · curves = elevation contours. ◆ gold · ⬟ stone · ● berries · ✦ relic · ◌ wall gap
Your base· ✓ Closed at 12:00 · 0t walls · 3 gate(s)
我的刀盾's base· ✓ Closed at 14:29 · 2t walls · 5 gate(s)
Smoothed initial terrain · ◌ = detected wall gap · hover for details
Inputs per minute
— OldSlaughter - - 我的刀盾
Build order — OldSlaughter
88 actions detected in the replay
| 0:00 | Queue | Villager (Male) |
| 0:01 | Queue | Villager (Male) |
| 0:02 | Build | House |
| 0:03 | Build | House |
| 0:18 | Queue | Villager (Male) |
| 0:30 | Queue | Villager (Male) |
| 1:00 | Build | Lumber Camp |
| 1:33 | Queue | Villager (Male) |
| 1:56 | Queue | Villager (Male) |
| 2:03 | Build | House |
| 2:29 | Queue | Villager (Male) |
| 2:37 | Queue | Villager (Male) |
| 3:16 | Queue | Villager (Male) |
| 3:16 | Queue | Villager (Male) |
| 3:46 | Queue | Villager (Male) |
| 4:03 | Queue | Villager (Male) |
| 4:16 | Research | Loom |
| 4:32 | Queue | Villager (Male) |
| 4:58 | Queue | Villager (Male) |
| 5:09 | Queue | Villager (Male) |
| 5:38 | Build | Mining Camp |
| 5:45 | Build | Barracks |
| 6:08 | Build | Mining Camp |
| 6:10 | Queue | Villager (Male) |
| 6:29 | Research | Feudal Age |
| 6:56 | Queue | Militia |
| 6:57 | Build | House |
| 7:12 | Queue | Militia |
| 7:31 | Queue | Militia |
| 7:33 | Build | House |
| 8:24 | Queue | Villager (Male) |
| 8:50 | Age | Feudal Age |
| 8:54 | Build | Watch Tower |
| 8:58 | Queue | Villager (Male) |
| 9:04 | Research | Arson |
| 9:04 | Research | Arson |
| 9:18 | Build | Mill |
| 9:28 | Queue | Villager (Male) |
| 10:06 | Queue | Villager (Male) |
| 10:28 | Queue | Villager (Male) |
| 10:48 | Queue | Villager (Male) |
| 11:01 | Queue | Villager (Male) |
| 11:18 | Queue | Militia |
| 11:26 | Build | House |
| 11:32 | Queue | Villager (Male) |
| 12:10 | Queue | Villager (Male) |
| 12:13 | Research | Man-at-Arms (upgrade) |
| 12:23 | Build | House |
| 12:27 | Build | Farm |
| 12:31 | Build | Farm |
| 12:35 | Queue | Villager (Male) |
| 12:56 | Build | Farm |
| 12:59 | Build | House |
| 13:08 | Build | Watch Tower |
| 13:10 | Queue | Villager (Male) |
| 13:15 | Build | Farm |
| 13:16 | Research | Horse Collar |
| 13:23 | Build | House |
| 13:28 | Queue | Villager (Male) |
| 13:37 | Build | Farm |
| 13:52 | Build | Watch Tower |
| 13:54 | Queue | Militia |
| 13:55 | Queue | Villager (Male) |
| 14:06 | Build | House |
| 14:19 | Queue | Villager (Male) |
| 14:22 | Build | Farm |
| 14:35 | Queue | Villager (Male) |
| 14:49 | Research | Double-Bit Axe |
| 15:01 | Queue | Villager (Male) |
| 15:15 | Queue | Militia |
| 15:25 | Queue | Villager (Male) |
| 15:36 | Build | Farm |
| 15:36 | Queue | Villager (Male) |
| 15:47 | Queue | Villager (Male) |
| 16:10 | Queue | Villager (Male) |
| 16:14 | Build | Watch Tower |
| 16:24 | Queue | Villager (Male) |
| 16:29 | Build | Lumber Camp |
| 16:48 | Queue | Militia |
| 16:52 | Build | Farm |
| 16:54 | Build | Farm |
| 17:02 | Queue | Militia |
| 17:06 | Build | Lumber Camp |
| 17:15 | Queue | Villager (Male) |
| 17:24 | Build | Watch Tower |
| 17:28 | Queue | Villager (Male) |
| 17:30 | Queue | Militia |
| 17:31 | Queue | Militia |
Build order — 我的刀盾
86 actions detected in the replay
| 0:00 | Queue | Villager (Male) |
| 0:00 | Queue | Villager (Male) |
| 0:01 | Queue | Villager (Male) |
| 0:02 | Build | House |
| 0:02 | Build | House |
| 0:05 | Queue | Villager (Male) |
| 1:13 | Queue | Villager (Male) |
| 1:45 | Build | Lumber Camp |
| 1:48 | Queue | Villager (Male) |
| 2:01 | Queue | Villager (Male) |
| 2:27 | Queue | Villager (Male) |
| 2:28 | Queue | Villager (Male) |
| 2:47 | Queue | Villager (Male) |
| 3:18 | Queue | Villager (Male) |
| 3:18 | Queue | Villager (Male) |
| 3:35 | Queue | Villager (Male) |
| 3:49 | Build | House |
| 4:15 | Queue | Villager (Male) |
| 4:23 | Queue | Villager (Male) |
| 4:24 | Queue | Villager (Male) |
| 4:26 | Build | House |
| 4:38 | Queue | Villager (Male) |
| 4:38 | Queue | Villager (Male) |
| 5:00 | Build | Mill |
| 5:04 | Queue | Villager (Male) |
| 5:21 | Queue | Villager (Male) |
| 5:21 | Queue | Villager (Male) |
| 5:51 | Queue | Villager (Male) |
| 6:14 | Queue | Villager (Male) |
| 6:49 | Build | Farm |
| 6:51 | Build | Farm |
| 7:21 | Queue | Villager (Male) |
| 7:46 | Research | Feudal Age |
| 8:01 | Build | Mining Camp |
| 9:11 | Research | Loom |
| 9:33 | Queue | Villager (Male) |
| 10:30 | Age | Feudal Age |
| 10:34 | Build | Stone Wall |
| 10:36 | Queue | Villager (Male) |
| 10:40 | Build | Market |
| 11:06 | Build | Blacksmith |
| 11:34 | Queue | Villager (Male) |
| 11:49 | Research | Castle Age |
| 11:50 | Research | Castle Age |
| 12:04 | Build | House |
| 12:11 | Build | House |
| 12:15 | Build | Lumber Camp |
| 12:16 | Research | Double-Bit Axe |
| 12:45 | Build | Gate |
| 12:49 | Build | Gate |
| 12:52 | Build | House |
| 12:56 | Build | House |
| 13:04 | Queue | Villager (Male) |
| 13:24 | Research | Horse Collar |
| 13:40 | Build | Farm |
| 13:48 | Build | Stone Wall |
| 14:29 | Age | Castle Age |
| 14:32 | Build | Siege Workshop |
| 14:40 | Queue | Villager (Male) |
| 14:55 | Queue | Villager (Male) |
| 14:57 | Build | House |
| 15:18 | Queue | Mangonel |
| 15:25 | Queue | Villager (Male) |
| 15:40 | Queue | Villager (Male) |
| 15:43 | Build | Monastery |
| 15:50 | Queue | Villager (Male) |
| 16:02 | Queue | Villager (Male) |
| 16:04 | Build | Gate |
| 16:06 | Build | House |
| 16:12 | Queue | Villager (Male) |
| 16:20 | Queue | Villager (Male) |
| 16:22 | Build | Palisade Wall |
| 16:23 | Build | Palisade Wall |
| 16:25 | Build | Palisade Wall |
| 16:34 | Queue | Mangonel |
| 16:35 | Queue | Villager (Male) |
| 16:37 | Build | Farm |
| 16:50 | Queue | Villager (Male) |
| 17:04 | Queue | Villager (Male) |
| 17:10 | Queue | Villager (Male) |
| 17:17 | Build | House |
| 17:23 | Queue | Villager (Male) |
| 17:25 | Queue | Villager (Male) |
| 17:38 | Queue | Scorpion |
| 17:39 | Queue | Monk |
| 17:58 | Queue | Villager (Male) |
Match timeline
| 5:45 | OldSlaughter · first_building Barracks |
| 8:50 | OldSlaughter · age_up feudal |
| 10:30 | 我的刀盾 · age_up feudal |
| 10:34 | 我的刀盾 · wall_segment Stone Wall x1 |
| 13:48 | 我的刀盾 · wall_segment Stone Wall x1 |
| 14:29 | 我的刀盾 · age_up castle |
| 14:32 | 我的刀盾 · first_building Siege Workshop |
| 15:17 | 我的刀盾 · first_market_buy 100 wood |
| 15:43 | 我的刀盾 · first_building Monastery |
| 16:22 | 我的刀盾 · wall_segment Palisade Wall x1 |
| 16:23 | 我的刀盾 · wall_segment Palisade Wall x1 |
| 16:25 | 我的刀盾 · wall_segment Palisade Wall x1 |
| 17:58 | OldSlaughter · resign |
[ AI ANALYSIS · 1 CREDIT ]
What really happened in this match?
Wolo.gg analyzes every decision: build order, eco, micro, common mistakes by bracket. Personalized analysis on WhatsApp or Discord in 30 seconds.
Civ guide
Mongols
Perfil
OldSlaughter